 Dungeon Crawl Stone Soup version 0.30.0-5-g1a98f26d00 (webtiles) character file.

Game seed: 14278270610090892637

78037 Mysteryquy the Severer (level 15, -5/120 HPs)
             Began as a Demonspawn Fighter on May 9, 2023.
             Was the Champion of Qazlal.
             Killed from afar by a deep elf knight (25 damage)
             ... with a lance of force
             ... on level 1 of the Elven Halls on May 10, 2023.
             The game lasted 00:42:14 (24628 turns).

Mysteryquy the Severer (Demonspawn Fighter)        Turns: 24628, Time: 00:42:18

Health: -5/120     AC: 34    Str: 23    XL:     15   Next: 17%
Magic:  0/23       EV:  8    Int: 10    God:    Qazlal [******]
Gold:   1809       SH: 14    Dex: 13    Spells: 14/14 levels left

rFire   + . .        a - +1 war axe (spect)
rCold   + + +        c - +0 buckler
rNeg    + . .        p - +1 plate armour {Will+}
rPois   .            (helmet unavailable)
rElec   +            Z - +0 cloak
rCorr   .            F - -1 pair of gloves of Tartarus {*Corrode rElec rC+++ rN+}
SInv    +            E - +2 pair of boots
Will    ++...        j - amulet of guardian spirit Stlth
                     e - ring of protection from fire
HPRegen 0.40/turn    m - ring of see invisible
MPRegen 0.18/turn

%: corrode self (3%), repel missiles, guardian spirit
@: marked, protected from physical damage, sanguine armoured, hasted, very quick
A: horns 3, ignite blood 3, sanguine armour 2, demonic magic 2
a: Renounce Religion, Upheaval, Elemental Force, Disaster Area


You were on level 1 of the Elven Halls.
You worshipped Qazlal.
Qazlal was exalted by your worship.
You visited 5 branches of the dungeon, and saw 21 of its levels.
You also visited: Ossuary, Bailey and Ice Cave.

You collected 1914 gold pieces.
You spent 105 gold pieces at shops.

Inventory:

Hand Weapons
 a - a +1 spectral war axe (weapon)
Missiles
 R - 2 throwing nets (quivered)
Armour
 c - a +0 buckler (worn)
 h - a +2 plate armour of fire resistance
 p - a +1 plate armour of willpower (worn)
 v - a +1 plate armour of poison resistance
 E - a +2 pair of boots (worn)
 F - the -1 pair of gloves of Tartarus (worn) {*Corrode rElec rC+++ rN+}
   (You found it on level 2 of the Lair of Beasts)

   rC:        It renders you almost immune to cold.
   rElec:     It insulates you from electricity.
   rN:        It protects you from negative energy.
   *Corrode:  It may corrode you when you take damage.
 Q - a +1 pair of gloves
 S - a +1 hat
 Z - a +0 cloak (worn)
Jewellery
 b - a ring of magical power
 e - a ring of protection from fire (left hand)
 j - an amulet of guardian spirit (around neck)
 m - a ring of see invisible (right hand)
Wands
 x - a wand of polymorph (5)
 G - a wand of roots (13)
 H - a wand of charming (11)
 N - a wand of flame (3)
 X - a wand of light (6)
Scrolls
 g - 2 scrolls of silence
 i - 3 scrolls of magic mapping
 k - 4 scrolls of immolation
 l - 7 scrolls of identify
 n - 2 scrolls of amnesia
 r - 7 scrolls of teleportation
 y - 3 scrolls of fog
 C - 4 scrolls of enchant weapon
 J - 4 scrolls of enchant armour
 M - a scroll of brand weapon
 W - a scroll of fear
Potions
 d - 4 potions of might
 f - 5 potions of lignification
 q - 5 potions of heal wounds
 s - 3 potions of attraction
 u - 7 potions of brilliance
 w - 9 potions of curing
 D - 2 potions of flight
 I - 2 potions of cancellation
 K - 5 potions of haste
 L - 7 potions of mutation
 O - 2 potions of ambrosia {unknown}
 T - 5 potions of magic
 V - 2 potions of invisibility {unknown}
Miscellaneous
 o - a phial of floods
 P - a phantom mirror (inert)
 U - a piece from Xom's chessboard (15/15)


   Skills:
 + Level 11.7 Fighting
 + Level 15.2 Axes
 + Level 12.2 Armour
 + Level 2.2 Dodging
 - Level 3.5 Stealth
 + Level 9.7 Shields
 * Level 11.5 Invocations
 + Level 0.4 Evocations


You had 14 spell levels left.
You didn't know any spells.
Your spell library contained the following spells:

 Spells                   Type           Power      Damage    Failure   Level
 Apportation              Tloc           0%         N/A       99%         1
 Kiss of Death            Conj/Necr      0%         2d5       99%         1
 Magic Dart               Conj           0%         1d3       99%         1
 Necrotise                Necr           0%         1d4       99%         1
 Shock                    Conj/Air       0%         1d3       99%         1
 Summon Small Mammal      Summ           0%         N/A       99%         1
 Blink                    Tloc           0%         N/A       100%        2
 Lesser Beckoning         Tloc           0%         N/A       100%        2
 Momentum Strike          Conj/Tloc      0%         3d8       100%        2
 Searing Ray              Conj           0%         2d4       100%        2
 Call Canine Familiar     Summ           0%         N/A       100%        3
 Confusing Touch          Hex            0%         N/A       100%        3
 Swiftness                Air            0%         N/A       100%        3
 Airstrike                Air            0%         2d(0-16)  100%        4
 Animate Dead             Necr           0%         N/A       100%        4
 Dispel Undead            Necr           0%         3d6       100%        4
 Fulminant Prism          Conj/Hex       0%         3d5       100%        4
 Haunt                    Necr/Summ      0%         N/A       100%        7
 Infestation              Necr           0%         N/A       100%        8
 Summon Horrible Things   Summ           0%         N/A       100%        8


Dungeon Overview and Level Annotations

Branches:
Dungeon (12/15)            Temple (1/1) D:5            Lair (5/5) D:8
 Shoals (0/4) Lair:2       Spider (0/4) Lair:3        Slime (0/5) Lair:4
    Orc (2/2) D:12            Elf (1/3) Orc:2       Ossuary (visited)
 Bailey (visited)           IceCv (visited)

Altars:
Ashenzari
Cheibriados
Dithmenos
Fedhas
Gozag
Kikubaaqudgha
Makhleb
Nemelex Xobeh
Okawaru
Qazlal
Ru
Sif Muna
Trog
Uskayaw
Vehumet
Wu Jian
Xom
Yredelemnul
Jiyva

Shops:
Orc:2 ***[[(

Portals:
Trove: D:11 (give +8 demon trident)


Innate Abilities, Weirdness & Mutations

You have a pair of large horns on your head.
Your demonic aura causes all spilled blood to erupt in flames.
When seriously injured, your blood forms thick armour. (AC +9)
Spells you cast may paralyse nearby enemies.


Message History

You headbutt the +0 glaive of flaming!
The +0 glaive of flaming is moderately damaged.
Your +1 spectral war axe hits the +0 glaive of flaming!
Your +1 spectral war axe completely misses the sixfirhy.
Your +1 spectral war axe is engulfed in blazing flames.
The deep elf demonologist mumbles some strange words.
You miss the +0 glaive of flaming.
The +0 glaive of flaming is severely damaged.
Your +1 spectral war axe hits the +0 glaive of flaming!
The +0 glaive of flaming falls from the air.
Qazlal accepts your kill.
Your +1 spectral war axe closely misses the sixfirhy.
Your +1 spectral war axe is engulfed in blazing flames.
The deep elf knight shoots an arrow.
You block the arrow.
Your +1 spectral war axe is engulfed in blazing flames.
Your +1 spectral war axe disappears.
The shadow demon gestures.
A deep elf archer comes into view.
It is wielding a +2 short sword of venom.
The deep elf zephyrmancer gestures at you while chanting.
The bolt of lightning hits the sixfirhy.
The sixfirhy completely resists.
The bolt of lightning hits you! You resist.
Your resistance to fire fades away.
You feel protected from electricity.
* * * LOW HITPOINT WARNING * * *
The deep elf knight gestures wildly while chanting.
The deep elf knight seems to speed up.
The deep elf demonologist casts a spell.
A deep elf zephyrmancer comes into view.
It is wielding a +0 rapier.
You see here a +0 glaive of flaming.
Aiming: Phantom Mirror
Press: ? - help, Q - select action, (/) - cycle Dir - move target, f - deep elf demonologist
Aim: a deep elf demonologist, wielding a +0 long sword and wearing a +0 ring mail You reflect the deep elf demonologist with the mirror!
The mirror clouds!
The sixfirhy barely misses you.
The deep elf knight casts a spell at you.
The lance of force hits you!!
Your resistance to electricity fades away.
You feel protected from physical attacks.
You die...

#.###..e.# #...........
#..#ee...#####...........
#e)e))......'.........'.
##2ee..######>.......###
##.e.3..# ##.)....## #
#..#e.1.## ##>...##
#.###eeee## ##++## ...
#.e°3$## #..## ###°@°.##
..e# ##○☼§.# .... #.○...#
... #.e§....# ..
#.......'. #........###
..........# .>.......##
........##


You could see a Hell Sentinel (summoned), a shadow demon (summoned), a deep elf
demonologist (ally target), 3 deep elf archers, 2 deep elf knights, 2 deep elf
pyromancers, 5 deep elf zephyrmancers, a sixfirhy (summoned), a neqoxec
(summoned) and a friendly deep elf demonologist (summoned, drained).

Vanquished Creatures
  2 orc warlords (Orc:2)
  A deep elf demonologist (Elf:1)
  An ettin (Orc:2)
  5 hydras
  A merfolk avatar (Lair:5)
  A catoblepas (Lair:1)
  4 dancing weapons (Elf:1)
  A death knight (D:12)
  A boulder beetle (Lair:5)
  3 two-headed ogres
  6 death yaks (Lair:3)
  2 orc high priests
  3 deep elf knights (Elf:1)
  2 skeletal warriors (D:12)
  A sea snake (Lair:5)
  A harpy (shapeshifter) (Elf:1)
  A lindwurm (Lair:5)
  6 deep elf zephyrmancers
  An orc sorcerer (Orc:2)
  A harpy (Lair:5)
  14 deep elf pyromancers
  5 ugly things
  6 cyclopes
  5 orc knights (Orc:2)
  2 oklob plants (Lair:4)
  4 manticores
  A merfolk siren (Lair:2)
  7 black mambas
  Joseph (D:7)
  A gargoyle (D:12)
  7 elephants
  2 ice statues (IceCv)
  6 cane toads
  3 kobold demonologists
  2 rime drakes
  An unseen horror (D:11)
  8 komodo dragons
  A freezing wraith (IceCv)
  7 trolls
  3 polar bears
  Prince Ribbit (D:7)
  3 meliai (D:12)
  A wind drake (Lair:4)
  2 hornets (Lair:5)
  7 blink frogs
  4 saltlings (Orc:2)
  7 dream sheep (Lair:4)
  A snapping turtle (Lair:5)
  2 air elementals (Elf:1)
  3 wyverns
  A dire elephant simulacrum (IceCv)
  34 yaks
  2 shadows
  A vampire (D:12)
  3 basilisks
  3 steam dragons
  6 wraiths
  2 death yak simulacra (IceCv)
  15 wargs
  3 acid dragons
  12 water moccasins
  22 orc warriors
  2 ice beasts
  2 sky beasts
  4 ogres
  9 wolves
  A centaur (D:8)
  3 phantoms
  11 kobold brigands
  7 gnoll sergeants
  8 bullfrogs
  4 scorpions
  3 wights (Ossuary)
  3 killer bees (D:9)
  An elephant simulacrum (IceCv)
  4 howler monkeys (D:9)
  18 orc priests
  6 gnoll boudas
  5 hounds
  8 jellies
  Terence (D:3)
  An iguana (D:5)
  3 sleepcaps
  23 orc wizards
  A mummy (D:6)
  38 gnolls
  7 adders
  A white imp (D:6)
  An ufetubus (D:4)
  2 worms (D:4)
  4 dart slugs
  84 orcs
  7 endoplasms
  3 giant cockroaches
  11 goblins
  3 hobgoblins
  5 quokkas
  8 ball pythons
  2 ball python skeletons (Ossuary)
  7 bats
  A frilled lizard (D:1)
  3 hobgoblin skeletons (Ossuary)
  12 kobolds
  2 orc skeletons (Ossuary)
  An orc zombie (Ossuary)
  7 rats
  A spectral weapon (Lair:3)
603 creatures vanquished.

Vanquished Creatures (others)
  A deep elf archer (Elf:1)
  An orc wizard (D:6)
  23 spectral weapons
25 creatures vanquished.

Grand Total: 628 creatures vanquished

Notes
Turn   | Place    | Note
-------+----------+-------------------------------------------
     0 | D:1      | Mysteryquy the Demonspawn Fighter began the quest for the
                  | Orb.
     0 | D:1      | Reached XP level 1. HP: 18/18 MP: 1/1
    60 | D:1      | Gained mutation: Spells you cast may paralyse adjacent
                  | enemies. [demonic ancestry]
    60 | D:1      | Reached XP level 2. HP: 24/24 MP: 2/2
   101 | D:1      | Reached skill level 2 in Axes
   224 | D:1      | Found a faded altar of an unknown god.
   291 | D:1      | Gained mutation: When seriously injured, your blood forms
                  | armour. (AC +9) [demonic ancestry]
   291 | D:1      | Reached XP level 3. HP: 29/29 MP: 3/3
  1010 | D:2      | Found the +0 toga "Victory" {*Victory Clar}
  1443 | D:2      | Gained mutation: Your demonic aura sometimes causes spilled
                  | blood to erupt in flames. [demonic ancestry]
  1443 | D:2      | Reached XP level 4. HP: 33/35 MP: 4/4
  1683 | D:3      | Noticed Terence
  1693 | D:3      | Killed Terence
  2428 | D:4      | Reached skill level 3 in Axes
  2618 | D:4      | Gained mutation: Your demonic aura often causes spilled
                  | blood to erupt in flames. [demonic ancestry]
  2618 | D:4      | Reached XP level 5. HP: 29/42 MP: 5/5
  3021 | D:4      | Gained mutation: Spells you cast may paralyse nearby
                  | enemies. [demonic ancestry]
  3021 | D:4      | Reached XP level 6. HP: 38/48 MP: 6/6
  3455 | D:5      | Entered Level 5 of the Dungeon
  3677 | D:4      | Reached skill level 4 in Axes
  4057 | D:5      | Found a staircase to the Ecumenical Temple.
  4057 | D:5      | Noticed an acid dragon
  4062 | D:5      | HP: 2/48 [acid dragon (4)]
  4063 | D:5      | Killed an acid dragon
  4064 | D:5      | Reached XP level 7. HP: 3/54 MP: 7/7
  4319 | Temple   | Entered the Ecumenical Temple
  4358 | Temple   | Became a worshipper of Qazlal Stormbringer
  4627 | D:5      | Reached skill level 5 in Axes
  5099 | D:5      | Reached skill level 5 in Armour
  5240 | D:5      | Gained mutation: Your demonic aura causes all spilled blood
                  | to erupt in flames. [demonic ancestry]
  5240 | D:5      | Reached XP level 8. HP: 54/61 MP: 8/8
  5305 | D:6      | Reached skill level 6 in Axes
  5331 | D:6      | Found a sand-covered staircase.
  5366 | Ossuary  | Entered an ossuary
  5528 | Ossuary  | Noticed a flying skull
  5561 | Ossuary  | Noticed a flying skull
  5700 | Ossuary  | Noticed a flying skull
  5722 | Ossuary  | Reached skill level 5 in Fighting
  5897 | Ossuary  | Noticed a flying skull
  6066 | D:6      | Reached * piety under Qazlal
  6067 | D:6      | Reached skill level 7 in Axes
  6067 | D:6      | Reached skill level 1 in Dodging
  6511 | D:6      | Reached XP level 9. HP: 44/68 MP: 9/9
  7216 | D:7      | Noticed Joseph
  7228 | D:7      | Killed Joseph
  7229 | D:7      | Reached skill level 8 in Axes
  7320 | D:7      | Noticed Prince Ribbit
  7341 | D:7      | Killed Prince Ribbit
  7554 | D:7      | Reached skill level 5 in Shields
  8227 | D:8      | Found a staircase to the Lair.
  8228 | D:8      | Noticed a komodo dragon
  8245 | D:8      | Killed a komodo dragon
  8246 | D:8      | Reached skill level 9 in Axes
  8247 | D:8      | Reached ** piety under Qazlal
  8790 | D:8      | Gained mutation: When seriously injured, your blood forms
                  | thick armour. (AC +9) [demonic ancestry]
  8790 | D:8      | Reached XP level 10. HP: 76/76 MP: 10/10
  9199 | Lair:1   | Entered Level 1 of the Lair of Beasts
  9279 | Lair:1   | Noticed a black mamba
  9307 | D:8      | Reached skill level 1 in Stealth
  9445 | Lair:1   | Killed a black mamba
  9446 | Lair:1   | Reached skill level 10 in Axes
  9974 | Lair:1   | Noticed a catoblepas
  9988 | Lair:1   | Killed a catoblepas
 10406 | Lair:1   | Reached XP level 11. HP: 86/86 MP: 11/11
 10571 | D:9      | Reached *** piety under Qazlal
 11112 | D:9      | Noticed a two-headed ogre
 11119 | D:9      | Killed a two-headed ogre
 11120 | D:9      | Reached skill level 11 in Axes
 11159 | D:9      | Noticed a two-headed ogre
 11164 | D:9      | Killed a two-headed ogre
 11442 | D:9      | Noticed a deep elf pyromancer
 11756 | D:9      | Reached **** piety under Qazlal
 12288 | Lair:2   | Found a staircase to the Shoals.
 12344 | Lair:2   | Identified the +3 short sword of Uskayaw's Grace {flame,
                  | rPois Will++ rCorr Int+4}
 12544 | Lair:2   | Reached skill level 12 in Axes
 12551 | Lair:2   | Gained mutation: You have a pair of small horns on your
                  | head. [demonic ancestry]
 12551 | Lair:2   | Reached XP level 12. HP: 82/95 MP: 12/12
 12561 | Lair:2   | Identified the -1 pair of gloves of Tartarus {*Corrode
                  | rElec rC+++ rN+}
 13313 | Lair:3   | Found a hole to the Spider Nest.
 13405 | Lair:3   | Noticed a five-headed hydra
 13414 | Lair:3   | Killed a 13-headed hydra
 13415 | Lair:3   | Reached skill level 1 in Invocations
 13791 | Lair:3   | Noticed a death yak
 13803 | Lair:3   | Noticed a death yak
 13803 | Lair:3   | Noticed a death yak
 13804 | Lair:3   | Noticed a death yak
 13805 | Lair:3   | Noticed a death yak
 13807 | Lair:3   | Noticed a death yak
 13809 | Lair:3   | Killed a death yak
 13814 | Lair:3   | Killed a death yak
 13815 | Lair:3   | Killed a death yak
 13815 | Lair:3   | Killed a death yak
 13817 | Lair:3   | Killed a death yak
 13818 | Lair:3   | Reached skill level 10 in Armour
 13823 | Lair:3   | Killed a death yak
 13824 | Lair:3   | Reached skill level 5 in Invocations
 14211 | Lair:3   | Reached ***** piety under Qazlal
 14212 | Lair:3   | Reached skill level 13 in Axes
 14496 | Lair:3   | Noticed a four-headed hydra
 14506 | Lair:3   | Killed a 14-headed hydra
 14730 | Lair:4   | Noticed an eight-headed hydra
 14739 | Lair:4   | Killed a 16-headed hydra
 15152 | Lair:4   | Reached XP level 13. HP: 103/103 MP: 17/17
 15255 | Lair:4   | Found a viscous altar of Jiyva.
 15255 | Lair:4   | Found a staircase to the Slime Pits.
 15479 | Lair:4   | Reached skill level 10 in Fighting
 15570 | Lair:4   | Found a blossoming altar of Fedhas.
 16104 | Lair:5   | Entered Level 5 of the Lair of Beasts
 18414 | D:10     | Entered Level 10 of the Dungeon
 18415 | D:10     | Found a flagged portal.
 18449 | Bailey   | Entered a bailey
 19752 | D:11     | Found a portal to a secret trove of treasure.
 19913 | D:11     | Found a frozen archway.
 19947 | IceCv    | Entered an ice cave
 19952 | IceCv    | Gained mutation: You have a pair of horns on your head.
                  | [demonic ancestry]
 19952 | IceCv    | Reached XP level 14. HP: 111/111 MP: 20/20
 19959 | IceCv    | Found a transporter.
 19975 | IceCv    | Found a transporter.
 20196 | D:11     | Reached skill level 14 in Axes
 20910 | D:12     | Identified the +12 sling "Oshruari" {flame, Fly rCorr MP+9
                  | Str-3}
 21263 | D:12     | Reached ****** piety under Qazlal
 21467 | D:12     | Identified the +1 falchion of Ledonwiz {heavy, rElec rC-
                  | Str+8 Dex-2}
 21840 | D:12     | Found a staircase to the Orcish Mines.
 22045 | Orc:1    | Entered Level 1 of the Orcish Mines
 22454 | Orc:1    | You fall into a shaft and drop 1 floor!
 22454 | Orc:2    | Entered Level 2 of the Orcish Mines
 22789 | Orc:2    | Reached skill level 10 in Invocations
 22968 | Orc:2    | Found a staircase to the Elven Halls.
 23021 | Orc:2    | Found Wawoxottu's Antique Weapon Boutique.
 23021 | Orc:2    | Noticed an orc warlord
 23065 | Orc:2    | Killed an orc warlord
 23247 | Orc:2    | Noticed an orc warlord
 23267 | Orc:2    | Killed an orc warlord
 23632 | Orc:2    | Found Omuot's General Store.
 23636 | Orc:2    | Found Xieq Zio's Specific Store.
 23642 | Orc:2    | Bought a scroll of blinking for 105 gold pieces
 23699 | Orc:2    | Found Zud Vett's Overcharged Wands.
 23888 | Orc:2    | Found Reih's General Store.
 23906 | Orc:2    | Found Suv Wera's Armour Shop.
 23908 | Orc:2    | Found Pitufuas's Antique Armour Shop.
 24009 | Elf:1    | Entered Level 1 of the Elven Halls
 24148 | Elf:1    | Paralysed by an air elemental for 1 turns
 24171 | Elf:1    | Noticed an Ice Fiend
 24194 | Elf:1    | Noticed a balrug
 24391 | Elf:1    | Reached skill level 15 in Axes
 24401 | Elf:1    | Gained mutation: You have a pair of large horns on your
                  | head. [demonic ancestry]
 24401 | Elf:1    | Reached XP level 15. HP: 101/119 MP: 18/23
 24492 | Elf:1    | Got the Catalogue of the Legion
 24606 | Elf:1    | Paralysed by an air elemental for 1 turns
 24628 | Elf:1    | Noticed a Hell Sentinel
 24628 | Elf:1    | Killed from afar by a deep elf knight

Illustrated notes

Levels and vault maps discovered:
D:1:      saegor_arrival_simple_b, layout_loops_ring,
          ebering_ecumenical_altar_abandoned, st_stairs_10
D:2:      layout_loops_ring
D:3:      layout_basic, uniq_terence
D:4:      layout_cave_pods, minmay_misc_feat_roman, grunt_ministairs_5,
          minmay_quadrilaterals
D:5:      layout_basic, minmay_temple_entry_junction_2, nrook_campfire
D:6:      lemuel_slime, layout_layer_cave, worldfamousw_hep_ancestral_shrine,
          gup_ossuary_entry_pyramid, minmay_diced_spiral
D:7:      layout_loops_ring, eino_small_chamber_without_monster,
          uniq_prince_ribbit1, uniq_joseph
D:8:      layout_basic, david_lair_shrubbed
D:9:      lemuel_castle_with_subvaults [lemuel_castle_interior_carwin_1],
          layout_irregular_city
D:10:     layout_gridville, lightli_bailey_entry_fortress
D:11:     layout_cave_pods, nicolae_trove_entry_isolated,
          portal_ice_cave_entry_pillars_1
D:12:     cheibrodos_tormentor_scu, layout_long_grid,
          minmay_orc_entry_guard_dogs
Temple:   grunt_wide_crystal_templ
Lair:1:   layout_chaotic_city, infiniplex_staircase_pool_2
Lair:2:   layout_roguey, minmay_shoals_entry_lonely_mermaid
Lair:3:   layout_cave_pods, spider_nest_entry_web_field,
          amcnicky_mini_pool_medium
Lair:4:   layout_cellular_growth, dpeg_slime_entry_corner, hangedman_tree_tricks
Lair:5:   gammafunk_lair_ancient_temple, layout_loops_ring, enter_volcano_1,
          st_stairs_5, pdpol_lair_neglected_garden
Orc:1:    layout_caves, mines2_david
Orc:2:    hellmonk_orc_salted, layout_caves, mumra_transporter_accident,
          nicolae_specific_store, nicolae_shop_overcharged_wands
Elf:1:    minmay_elf_arrival_plus, layout_gridlike,
          portal_desolation_entry_garden, minmay_elf_demonology, drop_trap,
          roderic_lattice_octagonal_star

Skill      XL: |  1  2  3  4  5  6  7  8  9 10 11 12 13 14 |
---------------+-------------------------------------------+-----
Armour         | 3 4 5 6 7 8 9 10 11 12 | 12.2
Axes           | 2 3 4 5 7 9 10 12 13 15 | 15.2
Shields        | 3 4 5 6 7 8 9 |  9.7
Fighting       | 4 5 6 8 9 10 11 | 11.7
Dodging        | 1 2 |  2.2
Stealth        | 1 2 3 |  3.5
Invocations    | 5 9 11 | 11.5
Evocations     | |  0.4

Action                     |  1- 3 |  4- 6 |  7- 9 | 10-12 | 13-15 || total
---------------------------+-------+-------+-------+-------+-------++-------
  Melee: War axe           |   131 |   161 |   296 |   327 |   586 ||  1501
         Headbutt          |       |       |       |    36 |   154 ||   190
 Invoke: Elemental Force   |       |       |       |       |     2 ||     2
         Disaster Area     |       |       |       |       |     2 ||     2
  Evoke: Wand              |       |     1 |     1 |     2 |       ||     4
         Phantom mirror    |       |       |       |       |     2 ||     2
    Use: Potion            |       |     1 |     1 |       |     4 ||     6
         Scroll            |       |       |       |    17 |    14 ||    31
   Stab: Distracted        |       |       |       |     3 |    10 ||    13
 Armour: Scale mail        |    49 |       |       |       |       ||    49
         Plate armour      |    26 |   108 |   169 |   210 |   237 ||   750
  Dodge: Dodged            |    61 |    54 |    63 |    81 |   138 ||   397
         Repelled          |       |       |       |     1 |     6 ||     7
  Block: Buckler           |    34 |    38 |    72 |   157 |   298 ||   599
